 Dungeon Crawl Stone Soup version 0.31-a0-232-gb1c03b2570 (webtiles) character file.

Game seed: 9650699105576308996

15129 pokeman the Eclecticist (level 11, 0/61 HPs)
             Began as a Deep Elf Hedge Wizard on July 7, 2023.
             Was a Follower of Vehumet.
             Slain by a boulder beetle (6 damage)
             ... on level 13 of the Dungeon.
             The game lasted 00:32:18 (13494 turns).

pokeman the Eclecticist (Deep Elf Hedge Wizard)    Turns: 13494, Time: 00:32:19

Health: 0/61       AC:  9    Str: 13    XL:     11   Next: 97%
Magic:  30/42      EV: 12    Int: 24    God:    Vehumet [*.....]
Gold:   883        SH:  0    Dex: 14    Spells: 24/42 levels left

rFire   . . .        G - +7 falchion of the Ageing Gods {heavy, *Corrode rElec MP+9 Str+6}
rCold   . . .        (no shield)
rNeg    + . .        R - +1 leather armour {Will+}
rPois   .            a - +0 helmet
rElec   +            J - +0 cloak
rCorr   .            o - +0 pair of gloves
SInv    .            i - +0 pair of boots
Will    ++...        (no amulet)
Stlth   ++           j - ring of positive energy
HPRegen 0.30/turn    (no ring)
MPRegen 0.28/turn

%: corrode self (3%)
@: on blink cooldown
A: no striking features
a: Renounce Religion


You were on level 13 of the Dungeon.
You worshipped Vehumet.
Vehumet was aware of your devotion.
You visited 2 branches of the dungeon, and saw 14 of its levels.

You collected 883 gold pieces.

Inventory:

Hand Weapons
 A - a +0 whip of venom
 G - the +7 falchion of the Ageing Gods (weapon) {heavy, *Corrode rElec MP+9 Str+6}
   (You found it on level 7 of the Dungeon)

   Str:       It affects your strength (+6).
   rElec:     It insulates you from electricity.
   MP:        It affects your magic capacity (+9).
   *Corrode:  It may corrode you when you take damage.
 K - the +10 dagger of Yjazed {freeze, Str+3}
   (You found it on level 10 of the Dungeon)

   Str:       It affects your strength (+3).
Missiles
 y - a throwing net
 H - a curare-tipped dart
Armour
 a - a +0 helmet (worn)
 i - a +0 pair of boots (worn)
 o - a +0 pair of gloves (worn)
 I - a +2 tower shield
 J - a +0 cloak (worn)
 R - a +1 leather armour of willpower (worn)
Magical Staves
 s - a staff of poison
 z - a staff of air
 N - a staff of death
Jewellery
 j - a ring of positive energy (left hand)
 k - an amulet of guardian spirit
Wands
 w - a wand of flame (24)
 B - a wand of charming (12)
 Q - a wand of iceblast (3)
Scrolls
 c - a scroll of torment {unknown}
 f - 4 scrolls of identify {unknown}
 m - 2 scrolls of amnesia {unknown}
 n - 3 scrolls of immolation {unknown}
 p - 6 scrolls of teleportation {unknown}
 q - 2 scrolls of poison {unknown}
 r - 3 scrolls of vulnerability {unknown}
 u - 2 scrolls of blinking {unknown}
 C - 4 scrolls of enchant armour {unknown}
 D - 2 scrolls of fog {unknown}
 E - 2 scrolls of fear {unknown}
 M - a scroll of brand weapon {unknown}
Potions
 d - a potion of magic
 e - 2 potions of enlightenment {unknown}
 g - 3 potions of might {unknown}
 h - 3 potions of attraction {unknown}
 l - 2 potions of lignification {unknown}
 t - 2 potions of haste {unknown}
 v - 2 potions of mutation {unknown}
 x - 4 potions of curing {unknown}
 F - a potion of ambrosia {unknown}
 L - a potion of heal wounds
 O - 3 potions of degeneration {unknown}
 P - a potion of berserk rage {unknown}


   Skills:
 - Level 4.0 Fighting
 - Level 4.0 Armour
 - Level 3.0 Dodging
 - Level 3.1 Stealth
 + Level 3.5 Shields
 * Level 16.4 Spellcasting
 + Level 9.7 Conjurations
 - Level 2.0 Hexes
 - Level 1.1 Summonings
 - Level 1.1 Necromancy
 - Level 1.1 Translocations
 + Level 6.3 Ice Magic
 - Level 1.0 Air Magic
 - Level 6.2 Earth Magic
 - Level 1.0 Poison Magic
 - Level 1.0 Evocations


You had 24 spell levels left.
You knew the following spells:

 Your Spells              Type           Power      Damage    Failure   Level
a - Magic Dart            Conj           100%       1d8       1%          1
b - Mephitic Cloud        Conj/Pois/Air  38%        N/A       1%          3
c - Call Imp              Summ           48%        N/A       3%          2
d - Blink                 Tloc           48%        N/A       3%          2
e - Stone Arrow           Conj/Erth      100%       3d13      1%          3
f - Ensorcelled Hibernat  Hex/Ice        78%        N/A       1%          2
g - Freezing Cloud        Conj/Ice/Air   23%        6-21      9%          5

Your spell library contained the following spells:

 Spells                   Type           Power      Damage    Failure   Level
 Static Discharge         Conj/Air       90%        2-6/arc   1%          2
 Sandblast                Erth           98%        2d20      1%          1
 Slow                     Hex            100%       N/A       1%          1
 Passwall                 Tmut/Erth      28%        N/A       1%          2
 Summon Small Mammal      Summ           96%        N/A       2%          1
 Cigotuvi's Dreadful Rot  Necr/Pois/Air  48%        N/A       3%          2
 Poisonous Vapours        Pois/Air       48%        N/A       3%          2
 Summon Guardian Golem    Hex/Summ       27%        N/A       5%          3
 Call Canine Familiar     Summ           24%        N/A       6%          3
 Inner Flame              Hex/Fire       24%        N/A       7%          3
 Swiftness                Air            24%        N/A       7%          3
 Animate Armour           Summ/Erth      74%        N/A       8%          4
 Spider Form              Tmut/Pois      22%        N/A       9%          3
 Cause Fear               Hex            14%        N/A       14%         4
 Anguish                  Hex/Necr       13%        N/A       17%         4
 Summon Lightning Spire   Summ/Air       24%        N/A       22%         4
 Yara's Violent Unravell  Hex/Tmut       12%        3d7       52%         5
 Blade Hands              Tmut           9%         N/A       67%         5
 Dragon Form              Tmut           9%         N/A       100%        7
 Enfeeble                 Hex            14%        N/A       100%        7
 Dragon's Call            Summ           12%        N/A       100%        9


Dungeon Overview and Level Annotations

Branches:
Dungeon (13/15)            Temple (1/1) D:5            Lair (0/5) D:8
    Orc (0/2) D:11
 Vaults: D:13-14

Altars:
Ashenzari
Cheibriados
Dithmenos
Elyvilon
Fedhas
Gozag
Hepliaklqana
Kikubaaqudgha
Makhleb
Nemelex Xobeh
Okawaru
Qazlal
Ru
Sif Muna
Trog
Uskayaw
Vehumet
Wu Jian
Xom
Yredelemnul
Zin
The Shining One

Annotations:
D:8 2 runed translucent doors


Message History

The boulder beetle is engulfed in noxious fumes.
The boulder beetle bites you!!
Unknown command.
Casting: Mephitic Cloud (safe; 1% risk of failure)
Confirm with . or Enter, or press ? or * to list all spells.
Aiming: Stone Arrow (safe; 1% risk of failure)
Press: ? - help, Shift-Dir - straight line, f - boulder beetle
Aim: a boulder beetle (noxious fumes, lightly wounded, 100% to hit)
The stone arrow hits the boulder beetle!
The boulder beetle is moderately wounded.
The boulder beetle is engulfed in noxious fumes.
The boulder beetle barely misses you.
Casting: Stone Arrow (safe; 1% risk of failure)
Confirm with . or Enter, or press ? or * to list all spells.
You blink.
The boulder beetle curls into a ball and begins rolling!
Unknown command.
Casting: Blink (safe; 3% risk of failure)
Confirm with . or Enter, or press ? or * to list all spells.
Aiming: Mephitic Cloud (safe; 1% risk of failure)
Press: ? - help, Shift-Dir - straight line, f/p - boulder beetle
Aim: a boulder beetle (moderately wounded, rolling, chance to affect: 43%)
The ball explodes into a vile cloud!
The stinking cloud engulfs the boulder beetle but does no damage.
The boulder beetle is moderately wounded.
The boulder beetle is engulfed in noxious fumes.
The boulder beetle hits you!!
Ouch! That really hurt!
* * * LOW HITPOINT WARNING * * *
The boulder beetle stops rolling and uncurls.
Unknown command.
Casting: Mephitic Cloud (safe; 1% risk of failure)
Confirm with . or Enter, or press ? or * to list all spells.
You are still too unstable to blink.
Unknown command.
Okay, then.
Unknown command.
The boulder beetle attacks as you move away!
The boulder beetle bites you.
You die...

#.................
###.#.
#'####'##>.##..##
+...
........#..######..
#...
........#......'...
#...
........##########.
#...
...:.............#
#...
.....########....#
#..>
.....########..).#
#.#.
...............#@#
#.#.
############+#.#B#
#.#. #.#.# #.#.
####.§○## #...
......☼☼.# #...
########.# #... ..#
#... #### #... ####


You could see a boulder beetle.

Vanquished Creatures
  Snorg (D:12)
  A boulder beetle (D:11)
  2 two-headed ogres (D:9)
  A deep elf pyromancer (D:13)
  A cyclops (D:11)
  3 ugly things
  Maurice (D:11)
  A gargoyle (D:12)
  Psyche (D:10)
  An efreet (D:13)
  2 komodo dragons
  3 trolls
  A meliai (D:13)
  A hornet (D:9)
  2 shadows
  A wyvern (D:9)
  A wraith (D:10)
  19 yaks
  3 steam dragons
  Menkaure (D:7)
  2 water moccasins
  A black bear (D:5)
  An ice beast (D:7)
  3 orc warriors (D:10)
  3 ogres
  2 wolves (D:11)
  11 centaurs
  2 phantoms (D:5)
  3 kobold brigands
  2 bullfrogs
  3 scorpions
  7 wights
  5 howler monkeys
  A gnoll bouda (D:5)
  5 orc priests
  A jelly (D:6)
  A sleepcap (D:6)
  7 hounds
  5 iguanas
  8 orc wizards
  Robin (D:2)
  13 adders
  3 gnolls
  3 shadow imps
  A white imp (D:6)
  3 ufetubi
  A worm (D:2)
  4 dart slugs
  35 orcs
  6 endoplasms
  A giant cockroach (D:4)
  15 goblins
  6 hobgoblins
  3 quokkas
  8 ball pythons
  6 bats
  3 frilled lizards
  19 kobolds
  7 rats
258 creatures vanquished.

Vanquished Creatures (collateral kills)
  A giant cockroach (D:4)
  A hobgoblin (D:2)
  A quokka (D:2)
3 creatures vanquished.

Grand Total: 261 creatures vanquished

Notes
Turn   | Place    | Note
-------+----------+-------------------------------------------
     0 | D:1      | pokeman the Deep Elf Hedge Wizard began the quest for the
                  | Orb.
     0 | D:1      | Reached XP level 1. HP: 10/10 MP: 7/7
   303 | D:1      | Reached XP level 2. HP: 16/16 MP: 5/9
   733 | D:1      | Reached skill level 5 in Spellcasting
  1103 | D:1      | Reached XP level 3. HP: 20/20 MP: 5/11
  1107 | D:1      | Learned a level 2 spell: Ensorcelled Hibernation
  1111 | D:1      | Learned a level 3 spell: Mephitic Cloud
  1114 | D:1      | Learned a level 2 spell: Call Imp
  1117 | D:1      | Learned a level 2 spell: Blink
  1320 | D:2      | Noticed Robin
  1393 | D:2      | Reached skill level 1 in Fighting
  1393 | D:2      | HP: 1/20 [hobgoblin[Robin] (3)]
  1490 | D:2      | Killed Robin
  1491 | D:2      | Reached skill level 1 in Armour
  1583 | D:2      | Reached XP level 4. HP: 25/25 MP: 2/13
  2231 | D:3      | Found a glowing golden altar of the Shining One.
  2274 | D:3      | Reached skill level 6 in Spellcasting
  2288 | D:3      | Reached XP level 5. HP: 29/29 MP: 1/15
  2627 | D:3      | Learned a level 3 spell: Stone Arrow
  3030 | D:3      | Reached skill level 1 in Hexes
  3270 | D:4      | Reached skill level 1 in Ice Magic
  3270 | D:4      | Reached XP level 6. HP: 23/34 MP: 10/17
  3342 | D:4      | Reached skill level 7 in Spellcasting
  3693 | D:4      | Reached skill level 1 in Air Magic
  3739 | D:4      | Reached skill level 1 in Earth Magic
  3835 | D:4      | Found an ornate altar of the Wu Jian Council.
  3951 | D:4      | Reached XP level 7. HP: 38/38 MP: 5/20
  4162 | D:5      | Entered Level 5 of the Dungeon
  4234 | D:5      | Found a stormy altar of Qazlal.
  4234 | D:5      | Found a sparkling altar of Nemelex Xobeh.
  4234 | D:5      | Found an opulent altar of Gozag.
  4276 | D:5      | Reached skill level 1 in Poison Magic
  4276 | D:5      | Reached skill level 1 in Evocations
  4298 | D:5      | Reached skill level 8 in Spellcasting
  4763 | D:5      | Found a staircase to the Ecumenical Temple.
  4770 | D:5      | Reached skill level 9 in Spellcasting
  4770 | D:5      | Reached XP level 8. HP: 44/44 MP: 16/23
  4777 | Temple   | Entered the Ecumenical Temple
  5582 | D:6      | Reached skill level 5 in Conjurations
  5802 | D:6      | Reached skill level 10 in Spellcasting
  6143 | D:6      | Reached XP level 9. HP: 48/48 MP: 18/25
  6593 | D:7      | Reached skill level 11 in Spellcasting
  7038 | D:7      | Identified the +7 falchion of the Ageing Gods {heavy,
                  | *Corrode rElec MP+9 Str+6}
  7306 | D:7      | Noticed Menkaure
  7310 | D:7      | Killed Menkaure
  7618 | D:7      | Learned a level 5 spell: Freezing Cloud
  7900 | D:8      | You fall into a shaft and drop 3 floors!
  7924 | D:11     | Noticed a troll
  7931 | D:11     | Killed a troll
  7932 | D:11     | Reached skill level 5 in Earth Magic
  7990 | D:11     | Identified the +4 rapier "Imp's Doom" {heavy, rPois rF+}
  7997 | D:11     | Noticed a troll
  8003 | D:11     | Reached skill level 12 in Spellcasting
  8009 | D:11     | Killed a troll
  8149 | D:11     | Noticed a cyclops
  8159 | D:11     | Reached XP level 10. HP: 56/56 MP: 15/28
  8165 | D:11     | Killed a cyclops
  8169 | D:11     | Noticed Maurice
  8198 | D:11     | Reached skill level 13 in Spellcasting
  8369 | D:11     | Killed Maurice
  8541 | D:10     | Entered Level 10 of the Dungeon
  8621 | D:10     | Noticed a red ugly thing
  8626 | D:10     | Killed a red ugly thing
  8698 | D:10     | Identified the +10 dagger of Yjazed {freeze, Str+3}
  8722 | D:10     | Found an iron altar of Okawaru.
  8725 | D:10     | Found a radiant altar of Vehumet.
  8729 | D:10     | Became a worshipper of Vehumet
  8734 | D:10     | Found an ancient bone altar of Kikubaaqudgha.
  8913 | D:10     | Reached skill level 14 in Spellcasting
  9193 | D:8      | Found a staircase to the Lair.
  9380 | D:8      | Found a runed translucent door.
  9382 | D:8      | Found a runed translucent door.
  9666 | D:8      | Reached * piety under Vehumet
  9666 | D:8      | Offered knowledge of Freeze by Vehumet.
  9826 | D:8      | Found a shimmering blue altar of Sif Muna.
 10061 | D:9      | Noticed a two-headed ogre
 10068 | D:9      | Killed a two-headed ogre
 10069 | D:9      | Reached skill level 1 in Necromancy
 10069 | D:9      | Reached XP level 11. HP: 61/61 MP: 20/31
 10337 | D:9      | Reached skill level 1 in Shields
 10482 | D:9      | Noticed a two-headed ogre
 10487 | D:9      | Killed a two-headed ogre
 10594 | D:9      | Found a bloodstained altar of Trog.
 10608 | D:9      | Reached skill level 15 in Spellcasting
 11003 | D:10     | Noticed Psyche
 11008 | D:10     | Killed Psyche
 11101 | D:10     | Reached skill level 5 in Ice Magic
 11695 | D:11     | Found a staircase to the Orcish Mines.
 11777 | D:11     | Noticed a boulder beetle
 11796 | D:11     | Killed a boulder beetle
 12498 | D:12     | Noticed Snorg
 12506 | D:12     | Killed Snorg
 12695 | D:12     | Noticed a green ugly thing
 12696 | D:12     | Noticed a purple ugly thing
 12701 | D:12     | Killed a green ugly thing
 12701 | D:12     | Killed a purple ugly thing
 12702 | D:12     | Reached skill level 16 in Spellcasting
 13229 | D:13     | Noticed a deep elf pyromancer
 13234 | D:13     | Killed a deep elf pyromancer
 13294 | D:13     | Offered knowledge of Static Discharge by Vehumet.
 13453 | D:13     | Noticed a boulder beetle
 13494 | D:13     | Slain by a boulder beetle

Illustrated notes

Levels and vault maps discovered:
D:1:      shiori_arrival_oz, layout_loops_ring, roderic_filled_cross
D:2:      layout_rooms, uniq_robin
D:3:      layout_loops_ring, old_standard_altar, minmay_strange_pillars
D:4:      layout_cave_pools, nzn_wu_jian_contemplation
D:5:      layout_rooms, grunt_temple_overflow_open, minmay_temple_entry_mist
D:6:      layout_basic
D:7:      layout_layer_cave, uniq_menkaure
D:8:      lemuel_insect_pit, layout_rooms, led_sif_pool, david_lair_shrubbed,
          kennysheep_small_circle
D:9:      layout_stronghold, trog_three_pillars_becter
D:10:     layout_loops_ring, grunt_temple_overflow_diamond, minmay_diced_spiral,
          uniq_psyche
D:11:     layout_loops_ring, orc_0_dummy, uniq_grum, uniq_maurice
D:12:     layout_roguey, uniq_snorg
D:13:     layout_stronghold
Temple:   nicolae_temple_hex_pool

Skill      XL: |  1  2  3  4  5  6  7  8  9 10 11 |
---------------+----------------------------------+-----
Spellcasting   | 5 6 7 9 10 12 14 16 | 16.4
Fighting       | 1 2 3 4 |  4.0
Armour         | 1 2 3 4 |  4.0
Conjurations   | 2 3 4 5 7 8 9 |  9.7
Dodging        | 3 |  3.0
Stealth        | 3 |  3.1
Hexes          | 1 2 |  2.0
Ice Magic      | 1 4 6 |  6.3
Air Magic      | 1 |  1.0
Earth Magic    | 1 2 4 6 |  6.2
Poison Magic   | 1 |  1.0
Evocations     | 1 |  1.0
Necromancy     | 1 |  1.1
Shields        | 3 |  3.5
Summonings     | |  1.1
Translocations | |  1.1

Action                     |  1- 3 |  4- 6 |  7- 9 | 10-12 || total
---------------------------+-------+-------+-------+-------++-------
  Melee: Dagger            |    23 |   104 |    21 |       ||   148
         Punch             |       |     2 |     1 |     1 ||     4
         Whip              |       |       |     5 |       ||     5
         Falchion          |       |       |     1 |    29 ||    30
   Cast: Magic Dart        |    91 |   107 |    22 |    37 ||   257
         Mephitic Cloud    |     3 |    18 |    15 |    18 ||    54
         Call Imp          |     2 |       |       |       ||     2
         Stone Arrow       |       |       |    88 |   129 ||   217
         Blink             |       |       |     3 |     3 ||     6
         Ensorcelled Hiber |       |       |     1 |     3 ||     4
         Freezing Cloud    |       |       |       |    13 ||    13
  Evoke: Wand              |       |       |     1 |       ||     1
   Stab: Sleeping          |     1 |       |     1 |     1 ||     3
         Confused          |     3 |     8 |     4 |     3 ||    18
 Armour: Robe              |     6 |    36 |    19 |    15 ||    76
  Dodge: Dodged            |    31 |    52 |    67 |    49 ||   199

Table legend: (Time is in decaauts)
 A = Elapsed time spent in this place.
 B = Non-inter-level travel time spent in this place.
 C = Inter-level travel time spent in this place.
 D = Time resting spent in this place.
 E = Time spent auto-exploring this place.
 F = Levels seen in this place.
 G = Mean time per level.
                   A        B        C        D        E       F      G
               +--------+--------+--------+--------+--------+-----+--------+
         Total |  13527 |  13181 |    346 |    909 |  10503 |  14 |  966.2 |
       Dungeon |  13407 |  13080 |    327 |    909 |  10414 |  13 | 1031.3 |
        Temple |    119 |    100 |     19 |      0 |     89 |   1 |  119.0 |
               +--------+--------+--------+--------+--------+-----+--------+

Top non-repeatable levels by time:
     D:7: 1407 daAuts
     D:6: 1349 daAuts
     D:4: 1342 daAuts
     D:1: 1305 daAuts
    D:11: 1255 daAuts
    D:10: 1187 daAuts
     D:9: 1008 daAuts
    D:12: 987 daAuts
     D:3: 974 daAuts
     D:2: 898 daAuts
     D:8: 855 daAuts
     D:5: 504 daAuts
    D:13: 331 daAuts
  Temple: 119 daAuts
